 Dungeon Crawl Stone Soup version 0.25-a0-565-g8875c97ebb (webtiles) character file.

Game seed: 3825282211809838805, levelgen mode: deterministic

437 Eurus the Conjurer (level 6, -7/47 HPs)
             Began as a Mummy Conjurer on Feb 26, 2020.
             Killed by divine providence
             ... invoked by an orc priest
              (15 damage)
             ... on level 4 of the Dungeon.
             The game lasted 00:08:03 (4070 turns).

Eurus the Conjurer (Mummy Conjurer)                 Turns: 4070, Time: 00:08:03

Health: -7/47      AC:  3    Str: 12    XL:     6   Next: 69%
Magic:  1/13       EV: 12    Int: 16    God:
Gold:   132        SH:  0    Dex: 12    Spells: 7/14 levels left

rFire    x . .     SeeInvis .   d - +0 dagger
rCold    + . .     Gourm    .   (no shield)
rNeg     + + +     Faith    .   a - +0 robe
rPois    ∞         Spirit   .   g - +0 helmet
rElec    .         Reflect  .   (no cloak)
rCorr    .         Harm     .   (no gloves)
MR       .....                  (no boots)
Stlth    ++........             (no amulet)
HPRegen  0.15/turn              (no ring)
MPRegen  0.13/turn              (no ring)

@: no status effects
A: no food or potions, fire vulnerability, cold resistance 1, negative energy
resistance 3, torment resistance, unbreathing
a: no special abilities


You were on level 4 of the Dungeon.
You were not hungry.

You visited 1 branch of the dungeon, and saw 4 of its levels.

You collected 132 gold pieces.

Inventory:

Hand Weapons
 d - a +0 dagger (weapon)
Armour
 a - a +0 robe (worn)
 g - a +0 helmet (worn)
 k - a +2 tower shield
Scrolls
 b - a scroll of amnesia {unknown}
 c - 2 scrolls of identify {unknown}
 e - a scroll of fog {unknown}
 f - a scroll of enchant armour {unknown}
 h - 2 scrolls of remove curse {unknown}
 i - 2 scrolls of blinking {unknown}
 j - 2 scrolls of immolation {unknown}
 l - a scroll of enchant weapon {unknown}


   Skills:
 + Level 3.0 Fighting
 + Level 1.4 Armour
 - Level 1.5 Dodging
 - Level 1.5 Stealth
 + Level 4.7 Spellcasting
 + Level 4.8 Conjurations
 + Level 1.3 Translocations


You had 7 spell levels left.
You knew the following spells:

 Your Spells              Type           Power        Failure   Level  Hunger
a - Magic Dart            Conj           ###.         2%          1    N/A
b - Searing Ray           Conj           ###...       3%          2    N/A
c - Iskenderun's Mystic   Conj/Tloc      ##......     41%         4    N/A

Your spell library contained the following spells:

 Spells                   Type           Power        Failure   Level  Hunger
 Dazzling Flash           Conj/Hex       ##....       17%         3    N/A
 Fulminant Prism          Conj/Hex       ##........   50%         4    N/A

Dungeon Overview and Level Annotations

Branches:
Dungeon (4/15)
 Temple: D:4-7

Altars:


Innate Abilities, Weirdness & Mutations

You do not eat or drink.
Your flesh is vulnerable to fire.
You are immune to poison.
Your flesh is cold resistant. (rC+)
You are immune to negative energy. (rN+++)
You are immune to unholy pain and torment.
You can survive without breathing.


Message History

The searing ray hits the orc priest.
The orc priest is moderately wounded. (Press . to maintain the ray.)
The orc priest hits you with a +0 falchion.
The searing ray hits the orc priest.
The orc priest is severely wounded.
The orc priest begins to cast a cantrip, but forgets the words!
Without enough magic to sustain it, your searing ray dissipates.
The orc priest invokes the aid of Beogh against you.
Beogh smites you!
You hit the orc priest.
The orc priest is almost dead.
The orc priest calls down the wrath of Beogh upon you.
Beogh smites you!
* * * LOW HITPOINT WARNING * * *
You closely miss the orc priest.
The orc priest is almost dead.
The orc priest calls down the wrath of Beogh upon you.
Beogh smites you!
You die...

#......# #......# #......#
#......# ############......#
#........#........########
#........#.#......#......# .
#..........#......#......# .
#)......÷@##......#......# . .##.
#....####)o..............#
....#.##.##.# ######.####......#
.........##.# ####.#.........#
............#### #....#.##......#
..........†....###.###..##......#
...(..)....#.#..#......###......#
...........#..#...###### ########
...........##.##....#


You could see an orc priest.

Vanquished Creatures
  2 ogres
  A big kobold (D:4)
  A hound (D:4)
  A centaur skeleton (D:4)
  Natasha (twice) (D:2)
  2 adders
  A worm (D:3)
  A leopard gecko (D:1)
  7 orcs
  6 giant cockroaches
  15 goblins
  3 hobgoblins (D:3)
  4 jackals (D:1)
  4 kobolds
  A quokka (D:3)
  7 bats
  3 frilled lizards
  A rat (D:3)
62 creatures vanquished.

Notes
Turn   | Place    | Note
-------+----------+-------------------------------------------
     0 | D:1      | Eurus the Mummy Conjurer began the quest for the Orb.
     0 | D:1      | Reached XP level 1. HP: 13/13 MP: 4/4
   327 | D:1      | Reached XP level 2. HP: 18/20 MP: 0/5
   381 | D:1      | Learned a level 2 spell: Searing Ray
   811 | D:1      | Reached skill level 1 in Fighting
  1453 | D:2      | Reached XP level 3. HP: 15/26 MP: 2/7
  1760 | D:2      | Found a faded altar of an unknown god.
  1989 | D:2      | Noticed Natasha
  1993 | D:2      | Killed Natasha
  2479 | D:3      | Reached XP level 4. HP: 32/32 MP: 7/9
  2877 | D:3      | Noticed an ogre
  2920 | D:3      | Killed an ogre
  2920 | D:3      | Reached XP level 5. HP: 36/38 MP: 4/11
  2936 | D:3      | Learned a level 4 spell: Iskenderun's Mystic Blast
  3600 | D:2      | Noticed Natasha
  3603 | D:2      | Killed Natasha
  3720 | D:4      | Noticed an ogre
  3735 | D:4      | Killed an ogre
  3735 | D:4      | Reached skill level 1 in Armour
  3735 | D:4      | Reached XP level 6. HP: 46/46 MP: 7/12
  3796 | D:4      | Reached skill level 1 in Translocations
  4070 | D:4      | Killed from afar by an orc priest

Levels and vault maps discovered:
D:1:      roderic_crop_circles_arrival_small, layout_loops_ring,
          kennysheep_boxes
D:2:      layout_loops_ring, chequers_ecumenical_altar_simple, uniq_natasha
D:3:      layout_loops_corners
D:4:      layout_rooms, first_ration

Skill      XL: |  1  2  3  4  5  6 |
---------------+-------------------+-----
Spellcasting   | 3 4 |  4.7
Fighting       | 1 2 3 |  3.0
Conjurations   | 4 |  4.8
Armour         | 1 |  1.4
Translocations | 1 |  1.3
Dodging        | |  1.5
Stealth        | |  1.5

Action                   |  1- 3 |  4- 6 || total
-------------------------+-------+-------++-------
Melee: Dagger            |    46 |    20 ||    66
 Cast: Magic Dart        |    59 |    24 ||    83
       Searing Ray       |     2 |    17 ||    19
 Stab: Sleeping          |     1 |     1 ||     2
Armor: Robe              |    11 |     3 ||    14
Dodge: Dodged            |    37 |    23 ||    60

Table legend:
 A = Non-vault XP
 B = Vault XP
 C = Vault XP percentage of total XP
 D = Non-vault monster count
 E = Vault monster count
 F = Vault count percentage of total count
                 A         B        C        D         E       F
            +---------+---------+-------+---------+---------+-------
      Total |     589 |      36 |   5.8 |      61 |       1 |   1.6
            +---------+---------+-------+---------+---------+-------
        D:1 |      33 |       0 |   0.0 |      17 |       0 |   0.0
        D:2 |      52 |      36 |  40.9 |      11 |       1 |   8.3
        D:3 |     179 |       0 |   0.0 |      24 |       0 |   0.0
        D:4 |     325 |       0 |   0.0 |       9 |       0 |   0.0
            +---------+---------+-------+---------+---------+-------
